 Dungeon Crawl Stone Soup version 0.30.0-19-g36f170ea60 (webtiles) character file.

Game seed: 9471537484866357798

435 Xororoh the Cudgeller (level 7, -8/54 HPs)
             Began as a Human Fighter on May 29, 2023.
             Mangled by an iguana (12 damage)
             ... on level 5 of the Dungeon.
             The game lasted 01:00:31 (6149 turns).

Xororoh the Cudgeller (Human Fighter)               Turns: 6149, Time: 01:00:31

Health: -8/54      AC:  2    Str: 18    XL:     7   Next: 21%
Magic:  7/7        EV:  7    Int:  8    God:
Gold:   249        SH:  5    Dex: 13    Spells: 6/6 levels left

rFire   + . .        g - +0 mace
rCold   x . .        c - +0 buckler
rNeg    . . .        Q - +0 chain mail
rPois   +            (no helmet)
rElec   .            M - +0 cloak
rCorr   .            (no gloves)
SInv    .            (no boots)
Will    .....        (no amulet) Stlth
                     p - ring of fire
HPRegen 0.29/turn    K - ring of poison resistance
MPRegen 0.10/turn

%: no passive effects
@: corroded
A: no striking features
a: no special abilities


You were on level 5 of the Dungeon.
You visited 1 branch of the dungeon, and saw 5 of its levels.

You collected 249 gold pieces.

Inventory:

Hand Weapons
 a - a +0 flail
 e - a +0 whip
 g - a +0 mace (weapon)
 h - a +0 short sword
 i - a +0 dagger
 m - a +0 dagger
 n - a +0 short sword
 x - a +0 dagger
 y - a +0 whip
 z - a +0 dagger
 A - a +0 flail
 R - a +0 longbow
Missiles
 j - 16 stones
 B - 2 javelins
 O - 3 boomerangs (quivered)
Armour
 b - a +0 scale mail
 c - a +0 buckler (worn)
 q - a +0 buckler
 w - a +0 ring mail
 C - a +0 leather armour
 M - a +0 cloak (worn)
 Q - a +0 chain mail (worn)
 S - a +1 ring mail of cold resistance
Jewellery
 p - a ring of fire (left hand)
 J - a ring of fire
 K - a ring of poison resistance (right hand)
 P - the amulet "Nehonah" {Acrobat Will+ Int+3 Slay-6}
   (You took it off an orc on level 4 of the Dungeon)

   [amulet of the acrobat]

   It increases your evasion while moving and waiting.
   Int:       It affects your intelligence (+3).
   Slay:      It affects your accuracy & damage with ranged weapons and melee
   (-6).
   Will:      It increases your willpower.
Wands
 v - a wand of quicksilver (8)
 D - a wand of charming (4)
Scrolls
 k - 2 scrolls of teleportation {unknown}
 o - 2 scrolls of magic mapping {unknown}
 s - a scroll of enchant weapon {unknown}
 t - a scroll of immolation {unknown}
 F - 2 scrolls of identify {unknown}
 G - a scroll of enchant armour {unknown}
 H - a scroll of fear {unknown}
 N - a scroll of noise {unknown}
Potions
 d - 2 potions of might
 f - 2 potions of degeneration {unknown}
 l - a potion of berserk rage {unknown}
 r - 2 potions of heal wounds {unknown}
 u - 2 potions of resistance {unknown}
 E - a potion of attraction {unknown}
 I - a potion of flight {unknown}
 L - 2 potions of mutation {unknown}
 T - a potion of brilliance {unknown}


   Skills:
 + Level 4.3 Fighting
 + Level 5.1 Maces & Flails
 + Level 0.2 Throwing
 - Level 3.3 Armour
 + Level 1.2 Dodging
 + Level 1.6 Stealth
 + Level 4.0 Shields


You had 6 spell levels left.
You didn't know any spells.
Your spell library contained the following spells:

 Spells                   Type           Power      Damage    Failure   Level
 Scorch                   Fire           0%         2d5       100%        2
 Flame Wave               Conj/Fire      0%         2d4       100%        4
 Summon Cactus Giant      Summ           0%         N/A       100%        6


Dungeon Overview and Level Annotations

Branches:
Dungeon (5/15)
 Temple: D:4-7

Altars:
Nemelex Xobeh
Uskayaw
Wu Jian


Message History

You hit the jelly but do no damage.
Your hands burn!
The jelly is almost dead.
You block the jelly's attack.
You are too injured to fight recklessly!
You are too injured to fight recklessly!
You are too injured to fight recklessly!
You are too injured to fight recklessly!
You are too injured to fight recklessly!
You are too injured to fight recklessly!
You are too injured to fight recklessly!
You are too injured to fight recklessly!
You are too injured to fight recklessly!
You are too injured to fight recklessly!
You are too injured to fight recklessly!
You sock the jelly!
You kill the jelly!
Your Maces & Flails skill increases to level 5!
You hit the iguana.
The iguana is lightly wounded.
The iguana bites you.
The iguana hisses menacingly.
You block the iguana's attack.
You hit the iguana but do no damage.
The iguana is lightly wounded.
The iguana bites you.
You hit the iguana but do no damage.
The iguana is lightly wounded.
The iguana barely misses you.
You hit the iguana but do no damage.
The iguana is lightly wounded.
The iguana bites you.
* * * LOW HITPOINT WARNING * * *
You hit the iguana but do no damage.
The iguana is lightly wounded.
The iguana bites you!
* * * LOW HITPOINT WARNING * * *
You closely miss the iguana.
The iguana is lightly wounded.
The iguana barely misses you. The iguana bites you!
You die...

..# #.. ...# # ..##
#.### ###..#
###..###.... .....#
.# #.##..#.###.#..#
.###.....#.....#..#
.##......#.._..#..#
..#......#.....#..#
..†......#.###.#l##
................@#
###......#######.#
#..............#
#.....<.#####.##
###.............#
..#.......#######
..#....####
..###### ..#


You could see an iguana.

Vanquished Creatures
  A scorpion (D:5)
  A jelly (D:5)
  An orc priest (D:1)
  A hound (D:5)
  2 iguanas
  2 orc wizards
  3 gnolls (D:4)
  6 adders
  A white imp (D:5)
  A worm (D:2)
  2 dart slugs
  7 orcs
  7 ball pythons
  9 bats
  2 endoplasms
  7 giant cockroaches
  6 hobgoblins
  6 jackals
  7 kobolds
  4 quokkas
  A frilled lizard (D:1)
  6 goblins
  8 rats
91 creatures vanquished.

Notes
Turn   | Place    | Note
-------+----------+-------------------------------------------
     0 | D:1      | Xororoh the Human Fighter began the quest for the Orb.
     0 | D:1      | Reached XP level 1. HP: 18/18 MP: 1/1
   221 | D:1      | Found a faded altar of an unknown god.
   231 | D:1      | Reached XP level 2. HP: 21/24 MP: 2/2
  1052 | D:2      | Reached XP level 3. HP: 16/29 MP: 3/3
  1140 | D:2      | Reached XP level 4. HP: 29/35 MP: 4/4
  1383 | D:2      | Found a hide-covered altar of Uskayaw.
  1423 | D:2      | Reached skill level 3 in Maces & Flails
  1756 | D:1      | Reached skill level 1 in Stealth
  1756 | D:1      | Reached XP level 5. HP: 18/41 MP: 5/5
  4004 | D:3      | Reached XP level 6. HP: 28/48 MP: 6/6
  4309 | D:4      | Reached skill level 4 in Maces & Flails
  4313 | D:4      | HP: 1/48 [gnoll/+0 flail (10)]
  4630 | D:4      | Found a sparkling altar of Nemelex Xobeh.
  5131 | D:4      | Identified the amulet "Nehonah" {Acrobat Will+ Int+3
                  | Slay-6}
  5620 | D:5      | Entered Level 5 of the Dungeon
  5752 | D:5      | Reached skill level 1 in Dodging
  5928 | D:5      | Reached XP level 7. HP: 41/54 MP: 7/7
  6113 | D:5      | Found an ornate altar of the Wu Jian Council.
  6144 | D:5      | Reached skill level 5 in Maces & Flails
  6149 | D:5      | Mangled by an iguana

Illustrated notes

Levels and vault maps discovered:
D:1:      minmay_arrival_solitary_statue, layout_basic,
          dreamdust_ecumenical_altar_statues, chequers_serial_rivers_large_a,
          wander_ebering_terrifying_dragon_lair
D:2:      layout_basic, basic_altar
D:3:      layout_basic
D:4:      layout_basic, nemelex_spade_bored_becter, grunt_ministairs_15
D:5:      layout_rooms, mainiacjoe_overflow_cross_hatched, serial_bayou,
          serial_bayou_lake_a, serial_bayou_crossing, serial_bayou_lagoon_b,
          serial_bayou_pond_a

Skill      XL: |  1  2  3  4  5  6  7 |
---------------+----------------------+-----
Maces & Flails | 3 4 5 |  5.1
Stealth        | 1 |  1.6
Fighting       | 4 |  4.3
Dodging        | 1 |  1.2
Shields        | 4 |  4.0
Throwing       | |  0.2
Armour         | |  3.3

Action                     |  1- 3 |  4- 6 |  7- 9 || total
---------------------------+-------+-------+-------++-------
  Melee: Flail             |    43 |   123 |       ||   166
         Mace              |       |   156 |    34 ||   190
         Punch             |       |     1 |       ||     1
  Throw: Stone             |       |    10 |       ||    10
 Armour: Scale mail        |    19 |    90 |       ||   109
         Chain mail        |       |    41 |    16 ||    57
  Dodge: Dodged            |    18 |   146 |    11 ||   175
  Block: Buckler           |     8 |    52 |     5 ||    65
